 Dungeon Crawl Stone Soup version 0.32-a0-656-g3542139ebd (webtiles) character file.

Game seed: 14107040710292750031

2661 Goblin1989 the Changeling (level 9, -1/59 HPs)
             Began as a Demonspawn Shapeshifter on Mar 9, 2024.
             Was a Believer of Beogh.
             Slain by an acid dragon (6 damage)
             ... on level 8 of the Dungeon.
             The game lasted 00:28:44 (7191 turns).

Goblin1989 the Changeling (Demonspawn Shapeshifter) Turns: 7191, Time: 00:28:45

Health: -1/59      AC: -1    Str: 18    XL:     9   Next: 36%
Magic:  12/12      EV: 11    Int: 10    God:    Beogh [**....]
Gold:   364        SH:  0    Dex: 14    Spells: 8/8 levels left

rFire   . .          .
                       - Unarmed
rCold   . . .        (no shield)
rNeg    . . .        R - +0 ring mail
rPois   .            (helmet unavailable)
rElec   .            f - melded +0 cloak
rCorr   .            K - melded +0 pair of gloves
SInv    .            (boots currently unavailable)
Will    .....        s - amulet of the acrobat
Stlth   +            (no ring)
HPRegen 0.29/turn    (no ring)
MPRegen 0.13/turn

%: acrobat
@: beast-form, corroded
A: beast (slay +4), horns 3, slimy green scales 1, powered by death 2
a: Begin Untransformation, Renounce Religion, Smiting


You were on level 8 of the Dungeon.
You worshipped Beogh.
Beogh was pleased with you.
You were a hulking beast.
You visited 1 branch of the dungeon, and saw 8 of its levels.

You collected 364 gold pieces.

Inventory:

Hand Weapons
 G - the +11 Singing Sword {sonic wave}
   (You found it on level 5 of the Dungeon)
 H - the +0 rapier of Bloody Death {protect, rC+ Int+2 Dex+3 Stlth+}
   (You found it on level 6 of the Dungeon)

   Int+2:     It affects your intelligence (+2).
   Dex+3:     It affects your dexterity (+3).
   rC+:       It protects you from cold.
   Stlth+:    It makes you more stealthy.
Missiles
 j - 64 stones (quivered)
 C - 3 boomerangs {@Q3}
 D - 19 poisoned darts
 O - 5 javelins {@Q3}
Armour
 a - a +0 animal skin
 f - a +0 cloak (melded)
 p - a +0 scale mail
 K - a +0 pair of gloves (melded)
 Q - the +1 robe of Elyvilon's Regard {rF- Str+3}
   (You found it on level 7 of the Dungeon)

   Str+3:     It affects your strength (+3).
   rF-:       It makes you vulnerable to fire.
 R - a +0 ring mail (worn)
Jewellery
 s - an amulet of the acrobat (around neck)
Talismans
 c - a beast talisman (active)
 d - a flux talisman
 n - a blade talisman
 E - a serpent talisman
Wands
 t - a wand of charming (15)
Scrolls
 e - 4 scrolls of teleportation {unknown}
 g - 2 scrolls of torment {unknown}
 w - 2 scrolls of enchant armour {unknown}
 I - a scroll of vulnerability {unknown}
 J - a scroll of summoning {unknown}
Potions
 b - 2 potions of lignification
 h - 2 potions of attraction
 r - a potion of mutation {!q}
 u - a potion of ambrosia
 x - a potion of might {@q4}
 z - a potion of magic
 A - 2 potions of curing {@q1}
 B - a potion of resistance {@q5}
 L - 4 potions of berserk rage {unknown}
 M - 2 potions of invisibility {unknown}


   Skills:
 - Level 1.0 Fighting
 - Level 2.0 Throwing
 - Level 1.7 Dodging
 + Level 7.9 Unarmed Combat
 - Level 5.0 Invocations
 * Level 7.9 Shapeshifting


You had 8 spell levels left.
You didn't know any spells.
Your spell library contained the following spells:

 Spells                   Type           Power      Damage    Failure   Level
 Apportation              Tloc           0%         N/A       56%         1
 Necrotise                Necr           0%         1d4       56%         1
 Slow                     Hex            0%         N/A       56%         1
 Sting                    Conj/Alch      0%         1d3       56%         1
 Summon Small Mammal      Summ           0%         N/A       56%         1
 Ensorcelled Hibernation  Hex/Ice        0%         N/A       71%         2
 Confusing Touch          Hex            0%         N/A       90%         3
 Fugue of the Fallen      Necr           0%         N/A       90%         3
 Hailstorm                Conj/Ice       0%         3d5       90%         3
 Inner Flame              Hex/Fire       0%         N/A       90%         3
 Ozocubu's Armour         Ice            0%         N/A       90%         3
 Sigil of Binding         Hex            0%         N/A       90%         3
 Summon Ice Beast         Ice/Summ       0%         N/A       90%         3
 Vampiric Draining        Necr           0%         2d6       90%         3
 Anguish                  Hex/Necr       0%         N/A       100%        4
 Flame Wave               Conj/Fire      0%         2d4       100%        4
 Sticky Flame             Fire/Alch      0%         2d4       100%        4
 Metabolic Englaciation   Hex/Ice        0%         N/A       100%        5
 Summon Mana Viper        Hex/Summ       0%         N/A       100%        5
 Sculpt Simulacrum        Ice/Alch       0%         N/A       100%        6
 Monstrous Menagerie      Summ           0%         N/A       100%        7


Dungeon Overview and Level Annotations

Branches:
Dungeon (8/15) Zot: 26879  Temple (0/1) D:4
   Lair: D:8-11

Altars:
Okawaru
Trog
Uskayaw
Yredelemnul

Shops:
D:4 (

Annotations:
D:7 Menkaure


Innate Abilities, Weirdness & Mutations

You are a hulking beast.
Your limbs bulge with bestial killing power. (Slay +4)
Your facial features look somewhat orcish.
You have a pair of large horns on your head.
You are partially covered in slimy green scales. (AC +2)
You regenerate health from kills.


Message History

As you read the scroll of identify {@r1}, it crumbles to dust.
B - a potion of resistance
As you read the scroll labelled OTSARI PIFFAUTZY, it crumbles to dust.
A profound silence engulfs you.
It was a scroll of silence.
Found 5 gold pieces.
Found a potion of attraction.
h - 2 potions of attraction (gained 1)
Found a stone staircase leading down.
You open the door.
There is an open door here.
A steam dragon comes into view.
There is an open door here.
Your hearing returns.
You close the door.
As you read the scroll labelled ROFFEX PICWAJE, it crumbles to dust.
The air around you briefly surges with heat, but it dissipates.
It was a scroll of immolation.
As you read the scroll labelled GOSUUCWERO, it crumbles to dust.
It is a scroll of amnesia.
You feel forgetful for a moment.
As you read the scroll labelled ERHUUDEGIR, it crumbles to dust.
You hear a loud clanging noise!
It was a scroll of noise.
You hear the faint creaking of a very distant portcullis.
Found a potion of heal wounds.
N - 2 potions of heal wounds {@q2} (gained 1)
As you read the scroll labelled ISSIDWOMISS, it crumbles to dust.
You assume a fearsome visage.
Nothing appears to happen.
It was a scroll of fear.
As you read the scroll labelled HEXASCH INYE, it crumbles to dust.
It is a scroll of enchant weapon.
You aren't carrying any weapons that can be enchanted.
Unknown command.
As you read the scroll labelled BECOMU BAAF, it crumbles to dust.
You feel aware of your surroundings.
You sensed 1 shop/portal.
It was a scroll of revelation.
You hear the faint creaking of a very distant portcullis.
You open the door.
An acid dragon comes into view.
The acid dragon roars!
The acid dragon spits acid at you. The splash of acid hits you!!
Ouch! That really hurt!
The acid corrodes you!
You take 31 damage, and have 28/59 hp.
MASSIVE DAMAGE!!
The acid dragon closely misses you. x2
There is an open door here.
You closely miss the acid dragon. Your headbutt misses the acid dragon.
You hit the acid dragon. You headbutt the acid dragon.
The acid dragon is lightly wounded.
The acid dragon bites you!
* * * LOW HITPOINT WARNING * * *
The acid dragon claws you.
* * * LOW HITPOINT WARNING * * *
You take 10 damage, and have 19/59 hp.
You feel much better. The acid dragon bites you. The acid dragon claws you.
You regained 30 hp, and now have 49/59 hp.
You hit the acid dragon but do no damage.
The acid dragon is lightly wounded.
The acid dragon misses you. The acid dragon claws you.
You take 1 damage, and have 48/59 hp.
You closely miss the acid dragon. You headbutt the acid dragon.
The acid dragon is moderately wounded.
The acid dragon spits acid at you. The splash of acid hits you!!
The acid corrodes you!
You take 19 damage, and have 29/59 hp.
MASSIVE DAMAGE!!
You hit the acid dragon but do no damage.
The acid dragon is moderately wounded.
The acid dragon bites you!
* * * LOW HITPOINT WARNING * * *
The acid dragon barely misses you.
You take 7 damage, and have 22/59 hp.
Unknown command.
You hit the acid dragon.
The acid dragon is moderately wounded.
The acid dragon bites you.
* * * LOW HITPOINT WARNING * * *
The acid dragon misses you.
You take 6 damage, and have 16/59 hp.
Unknown command.
You hit the acid dragon but do no damage.
The acid dragon is moderately wounded.
The acid dragon completely misses you. The acid dragon barely misses you.
Unknown command.
You hit the acid dragon but do no damage.
The acid dragon is moderately wounded.
Unknown command.
You hit the acid dragon but do no damage.
You headbutt the acid dragon, but do no damage.
The acid dragon is moderately wounded.
The acid dragon bites you!
* * * LOW HITPOINT WARNING * * *
The acid dragon claws you.
* * * LOW HITPOINT WARNING * * *
You take 12 damage, and have 5/59 hp.
MASSIVE DAMAGE!!
Unknown command.
You feel much better. The acid dragon bites you!
* * * LOW HITPOINT WARNING * * *
The acid dragon claws you.
You die...

█....▲·..........█
█........▓
█....████.███.████
█........▓
█.............█
▓███████▓▓
█████████.███.█ █.....█
█████.█ █.█ █.█
▓▓▓▓▓▓▓▓▓▓ ▓▓▓▓▓▓█h█▓▓
▓········▓ █.......D.█
▓·····>··▓ █.........█
▓········▓▓ █.........█
▓··········
█.........█▓▓▓▓▓▓▓▓▓·▓▓▓
█..........··▓▓▓ ▓····
████████████···▓▓▓▓▓▓▓▓▓
▓▓▓····▓ ▓▓▓▓·▓


You could see an acid dragon.

Vanquished Creatures
  Pikel (D:7)
  A wraith (D:7)
  2 ice beasts
  An orc warrior (D:6)
  A sky beast (D:7)
  A black bear (D:5)
  An ogre (D:6)
  2 lemures (D:7)
  3 centaurs
  A phantom (D:4)
  A kobold brigand (D:4)
  4 scorpions
  A howler monkey (D:7)
  2 jellies (D:6)
  3 bombardier beetles
  3 orc priests
  4 hounds
  6 iguanas
  2 scorpion zombies (D:3)
  A sleepcap (D:6)
  4 orc wizards
  A gnoll (D:1)
  9 adders
  A shadow imp (D:4)
  A white imp (D:7)
  An adder zombie (D:3)
  4 ribbon worms
  3 dart slugs
  15 orcs
  3 endoplasms
  2 giant cockroaches
  6 goblins
  3 hobgoblins
  3 jackals (D:5)
  A quokka (D:2)
  5 ball pythons
  A ball python zombie (D:3)
  4 bats
  4 frilled lizards
  7 kobolds
  7 rats
126 creatures vanquished.

Notes
Turn   | Place    | Note
-------+----------+-------------------------------------------
     0 | D:1      | Goblin1989 the Demonspawn Shapeshifter began the quest for
                  | the Orb.
     0 | D:1      | Reached XP level 1. HP: 15/15 MP: 1/1
   409 | D:1      | Gained mutation: You have a pair of small horns on your
                  | head. [demonic ancestry]
   409 | D:1      | Reached XP level 2. HP: 21/21 MP: 2/2
   948 | D:2      | Gained mutation: You have a pair of horns on your head.
                  | [demonic ancestry]
   948 | D:2      | Reached XP level 3. HP: 25/26 MP: 3/3
  1785 | D:3      | Gained mutation: You have a pair of large horns on your
                  | head. [demonic ancestry]
  1785 | D:3      | Reached XP level 4. HP: 26/32 MP: 4/4
  1832 | D:3      | Found a basalt altar of Yredelemnul.
  1898 | D:3      | Became a worshipper of Beogh the Shepherd
  1910 | D:3      | Reached XP level 5. HP: 6/37 MP: 5/5
  2255 | D:3      | Found an iron altar of Okawaru.
  2768 | D:4      | Found Zetits's Antique Weapon Shop.
  2850 | D:4      | Reached * piety under Beogh
  2863 | D:4      | Gained mutation: You regenerate a little health from kills.
                  | [demonic ancestry]
  2863 | D:4      | Reached XP level 6. HP: 21/43 MP: 6/6
  2977 | D:4      | Found a hide-covered altar of Uskayaw.
  3131 | D:4      | Reached skill level 5 in Unarmed Combat
  3362 | D:4      | Reached skill level 5 in Shapeshifting
  3496 | D:4      | Gained mutation: You regenerate health from kills. [demonic
                  | ancestry]
  3496 | D:4      | Reached XP level 7. HP: 28/48 MP: 7/7
  3572 | D:4      | Found a staircase to the Ecumenical Temple.
  3862 | D:5      | Entered Level 5 of the Dungeon
  3876 | D:5      | Reached ** piety under Beogh
  4150 | D:5      | Reached skill level 1 in Invocations
  4337 | D:5      | Found the +11 Singing Sword {sonic wave}
  4586 | D:6      | Reached XP level 8. HP: 11/54 MP: 10/10
  4739 | D:6      | Identified the +0 rapier of Bloody Death {protect, rC+
                  | Int+2 Dex+3 Stlth+}
  5382 | D:6      | Reached skill level 5 in Invocations
  5720 | D:6      | Reached skill level 1 in Throwing
  6241 | D:7      | Identified the +1 robe of Elyvilon's Regard {rF- Str+3}
  6459 | D:7      | Found a bloodstained altar of Trog.
  6628 | D:7      | Gained mutation: You are partially covered in slimy green
                  | scales. (AC +2) [demonic ancestry]
  6628 | D:7      | Reached XP level 9. HP: 49/59 MP: 12/12
  6667 | D:7      | Noticed Pikel
  6680 | D:7      | Killed Pikel
  6852 | D:7      | Noticed Menkaure
  7191 | D:8      | Slain by an acid dragon

Illustrated notes

Levels and vault maps discovered:
D:1:      dpeg_arrival_line_fractal, layout_basic,
          hangedman_decor_clover_reticule, nicolae_twisty_statue_hallways
D:2:      layout_basic
D:3:      layout_loops_ring, okawaru_gym_becter,
          nicolae_yredelemnul_corpse_copse, kennysheep_generic_room_6
D:4:      layout_rooms, nicolae_uskayaw_dance_hall,
          minmay_temple_entry_drinking_statues, serial_shops, shop
D:5:      old_forge, layout_rooms, skrybe_limestone_x
D:6:      layout_basic
D:7:      kennysheep_spiral_hall, layout_cave_pools,
          minmay_overflow_temple_star_quad, uniq_pikel, uniq_menkaure
D:8:      layout_basic, enter_bailey_4, uniq_jeremiah

Skill      XL: |  1  2  3  4  5  6  7  8 |
---------------+-------------------------+-----
Unarmed Combat | 3 4 5 6 7 |  7.9
Shapeshifting  | 3 4 5 7 |  7.9
Invocations    | 3 5 |  5.0
Throwing       | 2 |  2.0
Fighting       | |  1.0
Dodging        | |  1.7

Action                     |  1- 3 |  4- 6 |  7- 9 || total
---------------------------+-------+-------+-------++-------
  Melee: Unarmed           |    75 |   154 |   173 ||   402
         Punch             |     7 |     6 |     8 ||    21
         Headbutt          |    13 |    26 |    48 ||    87
  Throw: Dart              |       |       |     8 ||     8
 Invoke: Convert to Beogh  |       |     1 |       ||     1
         Smiting           |       |       |     2 ||     2
  Evoke: Wand              |       |       |     4 ||     4
    Use: Potion            |       |     4 |     3 ||     7
         Scroll            |       |       |    12 ||    12
   Stab: Sleeping          |     1 |       |       ||     1
 Armour: Animal skin       |    36 |    79 |    97 ||   212
         Skin              |       |    14 |       ||    14
         Ring mail         |       |       |    13 ||    13
  Dodge: Dodged            |    33 |    77 |   110 ||   220
   Form: Beast             |       |       |     3 ||     3
         Flux              |       |       |     2 ||     2
         Blade             |       |       |     1 ||     1

Table legend: (Time is in decaauts)
 A = Elapsed time spent in this place.
 B = Non-inter-level travel time spent in this place.
 C = Inter-level travel time spent in this place.
 D = Time resting spent in this place.
 E = Time spent auto-exploring this place.
 F = Levels seen in this place.
 G = Mean time per level.
                   A        B        C        D        E       F      G
               +--------+--------+--------+--------+--------+-----+--------+
         Total |   7154 |   6610 |    544 |    940 |   4408 |   8 |  894.2 |
       Dungeon |   7154 |   6610 |    544 |    940 |   4408 |   8 |  894.2 |
               +--------+--------+--------+--------+--------+-----+--------+

Top non-repeatable levels by time:
     D:6: 1387 daAuts
     D:3: 1067 daAuts
     D:4: 1055 daAuts
     D:2: 959 daAuts
     D:7: 918 daAuts
     D:5: 838 daAuts
     D:1: 809 daAuts
     D:8: 119 daAuts
